 Dungeon Crawl Stone Soup version 0.30.1-4-g462c640d31 (webtiles) character file.

Game seed: 8442576914476769035

116 ANON1729 the Trooper (level 4, -3/41 HPs)
             Began as a Minotaur Monk on Aug 10, 2023.
             Slain by an ice beast (5 damage)
             ... on level 3 of the Dungeon.
             The game lasted 00:00:36 (1662 turns).

ANON1729 the Trooper (Minotaur Monk)                Turns: 1662, Time: 00:00:37

Health: -3/41      AC:  2    Str: 15    XL:     4   Next: 70%
Magic:  4/4        EV: 13    Int:  7    God:
Gold:   160        SH:  5    Dex: 15    Spells: 3/3 levels left

rFire   . . .        a - +0 short sword
rCold   . . .        d - orb {light}
rNeg    . . .        b - +0 robe
rPois   .            (helmet restricted)
rElec   .            (no cloak)
rCorr   .            (no gloves)
SInv    .            (no boots)
Will    .....        m - amulet of reflection
Stlth   +            (no ring)
HPRegen 0.26/turn    (no ring)
MPRegen 0.09/turn

%: reflection
@: glowing
A: horns 2, retaliatory headbutt
a: no special abilities


You were on level 3 of the Dungeon.
You visited 1 branch of the dungeon, and saw 3 of its levels.

You collected 160 gold pieces.

Inventory:

Hand Weapons
 a - a +0 short sword (weapon)
Missiles
 j - a throwing net (quivered)
Armour
 b - a +0 robe (worn)
 d - an orb of light (worn)
Jewellery
 m - an amulet of reflection (around neck)
Scrolls
 e - 3 scrolls of identify {unknown}
 g - a scroll of poison {unknown}
 h - 2 scrolls of teleportation {unknown}
 i - a scroll of fear {unknown}
 l - a scroll of silence {unknown}
Potions
 c - 2 potions of ambrosia
 f - 2 potions of curing
 k - a potion of resistance {unknown}
 n - a potion of might {unknown}


   Skills:
 + Level 4.3 Fighting
 + Level 4.0 Short Blades
 + Level 2.1 Armour
 + Level 4.0 Dodging
 + Level 1.7 Invocations


You had 3 spell levels left.
You didn't know any spells.
Your spell library contained the following spells:

 Spells                   Type           Power      Damage    Failure   Level
 Freeze                   Ice            0%         1d3       43%         1
 Ensorcelled Hibernation  Hex/Ice        0%         N/A       56%         2
 Frozen Ramparts          Ice            0%         1d1       80%         3
 Hailstorm                Conj/Ice       0%         3d3       80%         3
 Ozocubu's Armour         Ice            0%         N/A       80%         3
 Spider Form              Tmut/Pois      0%         N/A       80%         3
 Anguish                  Hex/Necr       0%         N/A       99%         4
 Ozocubu's Refrigeration  Ice            0%         4d7       100%        7


Dungeon Overview and Level Annotations

Branches:
Dungeon (3/15)

Altars:


Innate Abilities, Weirdness & Mutations

You have a pair of horns on your head.
You reflexively headbutt those who attack you in melee.


Message History

The ice beast is moderately wounded.
The bat closely misses you. You furiously retaliate!
You headbutt the bat!
You kill the bat!
The ice beast closely misses you.
Your Short Blades skill increases to level 4!
You hit the ice beast but do no damage.
The ice beast is moderately wounded.
The ice beast closely misses you.
You barely miss the ice beast.
The ice beast is moderately wounded.
The ice beast hits you but does no damage.
You hit the ice beast but do no damage.
The ice beast is moderately wounded.
The ice beast hits you. The ice beast freezes you.
You hit the ice beast but do no damage.
The ice beast is moderately wounded.
You hit the ice beast but do no damage. Your headbutt misses the ice beast.
The ice beast is moderately wounded.
The ice beast hits you. The ice beast freezes you!
* * * LOW HITPOINT WARNING * * *
You hit the ice beast but do no damage. You headbutt the ice beast!
The ice beast is severely wounded.
The ice beast hits you but does no damage.
You hit the ice beast but do no damage.
The ice beast is severely wounded.
The ice beast barely misses you.
You hit the ice beast but do no damage.
The ice beast is severely wounded.
The ice beast hits you.
* * * LOW HITPOINT WARNING * * *
The ice beast freezes you.
* * * LOW HITPOINT WARNING * * *
You hit the ice beast.
The ice beast is severely wounded.
You hit the ice beast but do no damage.
The ice beast is severely wounded.
The ice beast hits you.
* * * LOW HITPOINT WARNING * * *
The ice beast freezes you.
You die...

###### ######....#### ####
###............#
...####...######...#.### #####
....)...###....###.....# #...#
....)..##......Y.##....# #...+
.......#.. #..)@.#....# #...####
..(##.##.##....##.##...###.......
#####.#..#..?$ #..#...'.'.......
# ##.#..#.)? #..#.(.###....###
####.....#.? #..#...# #....#
.........#. #..#...# #....#
.####....## ##.##...# #....### .#
#.†...######..#....# ##+#.... ##
#............##...## #.###


You could see an ice beast.

Vanquished Creatures
  5 adders
  A worm (D:2)
  3 dart slugs
  An orc (D:3)
  3 endoplasms
  3 giant cockroaches
  8 goblins
  7 hobgoblins
  4 quokkas
  3 ball pythons
  6 bats
  2 frilled lizards (D:1)
  5 kobolds
  8 rats
59 creatures vanquished.

Notes
Turn   | Place    | Note
-------+----------+-------------------------------------------
     0 | D:1      | ANON1729 the Minotaur Monk began the quest for the Orb.
     0 | D:1      | Reached XP level 1. HP: 19/19 MP: 0/0
   158 | D:1      | Reached XP level 2. HP: 12/27 MP: 1/1
   334 | D:1      | Reached skill level 1 in Armour
   787 | D:2      | Reached skill level 1 in Invocations
   896 | D:2      | Reached XP level 3. HP: 33/33 MP: 2/2
  1241 | D:2      | Reached XP level 4. HP: 39/40 MP: 4/4
  1641 | D:3      | Noticed an ice beast
  1660 | D:3      | HP: 2/41 [ice beast (5)]
  1662 | D:3      | Slain by an ice beast

Illustrated notes

Levels and vault maps discovered:
D:1:      evilmike_arrival_plus, layout_loops_ring, minmay_misc_feat_hallway
D:2:      layout_loops_ring, minmay_goblin_kobold_house
D:3:      layout_basic, mainiacjoe_overflow_six_doors_small,
          hellmonk_ecumenical_altar_defaced_shrine,
          ebering_dispersal_statue_hall, minmay_randomly_rotated_circles

Skill      XL: |  1  2  3  4 |
---------------+-------------+-----
Armour         | 1 2 |  2.1
Invocations    | 1 |  1.7
Fighting       | 4 |  4.3
Dodging        | 4 |  4.0
Short Blades   | 4 |  4.0

Action                     |  1- 3 |  4- 6 || total
---------------------------+-------+-------++-------
  Melee: Short sword       |   106 |    58 ||   164
         Headbutt          |    18 |     8 ||    26
    Use: Potion            |       |     1 ||     1
 Armour: Robe              |    18 |    12 ||    30
  Dodge: Dodged            |    61 |    39 ||   100
  Block: Orb               |       |    11 ||    11
